 Dungeon Crawl Stone Soup version 0.32-a0-859-gb0a091d592 (webtiles) character file.

Game seed: 13623211102928736884

1400 timneilson the Slicer (level 9, -4/52 HPs)
             Began as a Kobold Enchanter on Mar 28, 2024.
             Was an Initiate of Ashenzari.
             Slain by a troll (6 damage)
             ... on level 5 of the Dungeon.
             The game lasted 00:17:36 (4632 turns).

timneilson the Slicer (Kobold Enchanter)            Turns: 4632, Time: 00:17:37

Health: -4/52      AC:  9    Str:  5    XL:     9   Next: 1%
Magic:  12/12      EV: 18    Int: 16    God:    Ashenzari [......]
Gold:   302        SH:  0    Dex: 20    Spells: 12/12 levels left

rFire   . . .        m - +2 dagger (venom)
rCold   + . .        (no shield)
rNeg    . . .        u - +2 ring mail {rC+}
rPois   .            (no helmet)
rElec   .            (no cloak)
rCorr   .            l - +0 pair of gloves
SInv    .            e - +0 pair of boots
Will    +....        (no amulet)
Stlth   ++++         n - ring of willpower
HPRegen 0.28/turn    a - +5 ring of evasion
MPRegen 0.13/turn

%: no passive effects
@: hasted, studying Short Blades, very quick
A: small, no large weapons, nightstalker 3
a: Renounce Religion


You were on level 5 of the Dungeon.
You worshipped Ashenzari.
Ashenzari was noncommittal.
You visited 2 branches of the dungeon, and saw 7 of its levels.

You collected 302 gold pieces.

Inventory:

Hand Weapons
 m - a +2 dagger of venom (weapon)
Missiles
 h - 5 poisoned darts (quivered)
Armour
 e - a +0 pair of boots (worn)
 l - a +0 pair of gloves (worn)
 u - a +2 ring mail of cold resistance (worn)
Jewellery
 a - a +5 ring of evasion (right hand)
 d - a ring of ice
 j - a +6 ring of intelligence
 n - a ring of willpower (left hand)
 s - a ring of willpower
 w - a ring of protection from cold
Wands
 o - a wand of light (7)
Scrolls
 b - a scroll of butterflies {unknown}
 f - a scroll of blinking
 g - 3 scrolls of identify
 p - a scroll of poison
 v - a scroll of teleportation
Potions
 c - 3 potions of invisibility
 i - a potion of enlightenment
 k - a potion of mutation
 q - a potion of brilliance
 r - a potion of ambrosia


   Skills:
 + Level 3.9 Fighting
 * Level 9.2 Short Blades
 + Level 3.0 Armour
 * Level 6.9 Dodging
 + Level 6.6 Stealth
 - Level 2.1 Spellcasting
 - Level 3.0 Hexes
 + Level 2.6 Evocations


You had 12 spell levels left.
You didn't know any spells.
Your spell library contained the following spells:

 Spells                   Type           Power      Damage    Failure   Level
 Ensorcelled Hibernation  Hex/Ice        12%        N/A       58%         2
 Confusing Touch          Hex            11%        N/A       61%         3
 Tukima's Dance           Hex            11%        N/A       61%         3
 Dazzling Flash           Conj/Hex       12%        N/A       82%         3


Dungeon Overview and Level Annotations

Branches:
Dungeon (6/15)             Temple (1/1) D:6

Altars:
Ashenzari
Cheibriados
Dithmenos
Elyvilon
Fedhas
Gozag
Hepliaklqana
Kikubaaqudgha
Makhleb
Nemelex Xobeh
Okawaru
Sif Muna
Trog
Uskayaw
Vehumet
Wu Jian
Yredelemnul
Zin
The Shining One

Shops:
D:2 !

Annotations:
Temple 2 transporters


Innate Abilities, Weirdness & Mutations

You are small and have problems with some larger weapons.
You are completely attuned to the shadows.


Message History

The troll is lightly wounded.
You kill the orc!
You closely miss the troll.
The troll is lightly wounded.
The troll bites you but does no damage. The troll claws you.
The troll closely misses you.
You hit the troll but do no damage.
The troll is poisoned.
The troll is lightly wounded.
You barely miss the troll.
The troll is lightly wounded.
The troll bites you! The troll claws you! The troll misses you.
You hit the troll.
The troll looks as sick as possible!
The troll is lightly wounded.
You hit the troll.
The troll looks as sick as possible!
The troll is lightly wounded.
The troll completely misses you. The troll barely misses you. x2
You hit the troll but do no damage.
The troll is moderately wounded.
You barely miss the troll.
The troll is moderately wounded.
The troll bites you but does no damage. The troll closely misses you. x2
You hit the troll but do no damage.
The troll is moderately wounded.
You hit the troll but do no damage.
The troll looks as sick as possible!
The troll is moderately wounded.
The troll barely misses you. The troll closely misses you. The troll claws you!
You closely miss the troll.
The troll is moderately wounded.
The troll bites you. The troll misses you. The troll claws you.
* * * LOW HITPOINT WARNING * * *
The troll misses you. x2; The troll claws you.
* * * LOW HITPOINT WARNING * * *
Items here: )) [ ††.
The troll bites you!
* * * LOW HITPOINT WARNING * * *
The troll barely misses you. The troll claws you but does no damage.
The troll attacks as it pursues you! The troll barely misses you.
The troll claws you but does no damage. The troll barely misses you.
You feel yourself speed up. The troll misses you. The troll claws you.
You die...

.....## ....#####
#########
...####.###......[##
............########
.##..>.....## ###>###
.##.....##..# #ß)..ß#
###......##.###.....##
##......##..##_.T..._#
.............##.@...##
.............##ß...ß#
.##........#.##.....##
##........##.#_....._#
..........#####.....##
...........####ß...ß#
.............####ß###
......(......#######
...#...........##.#


You could see a troll (extremely poisoned).

Vanquished Creatures
  Sigmund (D:3)
  An ice beast (D:5)
  Blork the orc (D:6)
  A bullfrog (D:5)
  4 scorpions
  A howler monkey (D:6)
  A bombardier beetle (D:5)
  4 orc priests
  A hound (D:5)
  Terence (D:2)
  Jessica (D:2)
  An iguana (D:6)
  7 orc wizards
  Natasha (thrice) (D:2)
  4 gnolls (D:5)
  6 adders
  A white imp (D:5)
  5 ribbon worms
  2 dart slugs
  17 orcs
  4 bats
  6 endoplasms
  6 giant cockroaches
  6 goblins
  9 hobgoblins
  2 jackals (D:4)
  2 quokkas (D:4)
  13 ball pythons
  3 frilled lizards (D:1)
  9 kobolds
  3 rats
126 creatures vanquished.

Notes
Turn   | Place    | Note
-------+----------+-------------------------------------------
     0 | D:1      | timneilson the Kobold Enchanter began the quest for the
                  | Orb.
     0 | D:1      | Reached XP level 1. HP: 10/10 MP: 3/3
    55 | D:1      | Reached XP level 2. HP: 14/16 MP: 5/5
    83 | D:1      | Reached skill level 2 in Short Blades
   316 | D:1      | Found a faded altar of an unknown god.
   370 | D:1      | Reached XP level 3. HP: 20/20 MP: 6/6
   512 | D:1      | Reached skill level 1 in Fighting
   638 | D:2      | Noticed Terence
   651 | D:2      | Killed Terence
   652 | D:2      | Reached XP level 4. HP: 15/25 MP: 7/7
   803 | D:2      | Reached skill level 1 in Armour
   840 | D:2      | Noticed Jessica
   843 | D:2      | Killed Jessica
   844 | D:2      | Reached skill level 3 in Short Blades
   882 | D:2      | Found Icsow's Distillery.
   941 | D:2      | Noticed Natasha
   956 | D:2      | Killed Natasha
   957 | D:2      | Reached XP level 5. HP: 24/29 MP: 8/8
  1024 | D:2      | Noticed Natasha
  1038 | D:2      | Killed Natasha
  1194 | D:2      | Noticed Natasha
  1203 | D:2      | Killed Natasha
  1332 | D:2      | Identified a scroll of acquirement
  1332 | D:2      | Acquired a manual of Short Blades
  1872 | D:3      | Noticed Sigmund
  1876 | D:3      | Killed Sigmund
  1877 | D:3      | Reached skill level 5 in Short Blades
  1877 | D:3      | Reached skill level 5 in Stealth
  1877 | D:3      | Reached XP level 6. HP: 36/36 MP: 9/9
  2206 | D:4      | Reached skill level 5 in Dodging
  2206 | D:4      | Reached XP level 7. HP: 26/40 MP: 10/10
  2329 | D:4      | Reached skill level 6 in Short Blades
  2800 | D:4      | Found a glowing drain.
  3169 | D:4      | Reached skill level 7 in Short Blades
  3169 | D:4      | Reached skill level 1 in Evocations
  3169 | D:4      | Reached XP level 8. HP: 38/46 MP: 11/11
  3378 | D:5      | Entered Level 5 of the Dungeon
  3625 | D:5      | Reached skill level 8 in Short Blades
  4295 | D:6      | Found a staircase to the Ecumenical Temple.
  4307 | Temple   | Found a transporter.
  4307 | Temple   | Found a transporter.
  4307 | Temple   | Found a transporter.
  4307 | Temple   | Found a transporter.
  4307 | Temple   | Entered the Ecumenical Temple
  4319 | Temple   | Became a worshipper of Ashenzari the Shackled
  4415 | D:6      | Noticed Blork the orc
  4429 | D:6      | Killed Blork the orc
  4516 | D:5      | Found an ornate altar of the Wu Jian Council.
  4516 | D:5      | Found a burning altar of Makhleb.
  4530 | D:5      | Found a radiant altar of Vehumet.
  4530 | D:5      | Found a shimmering blue altar of Sif Muna.
  4569 | D:5      | Reached skill level 9 in Short Blades
  4612 | D:6      | Reached XP level 9. HP: 52/52 MP: 12/12
  4613 | D:6      | Noticed a troll
  4629 | D:5      | HP: 1/52 [troll (9)]
  4632 | D:5      | Slain by a troll

Illustrated notes

Levels and vault maps discovered:
D:1:      erik_arrival_blinker_ship, layout_rooms,
          dreamdust_ecumenical_altar_grove, corexii_leaking_fountain
D:2:      layout_basic, serial_shops, nicolae_shop_trees, serial_forest,
          infiniplex_forest_lined_2, infiniplex_forest_clump_curved,
          infiniplex_forest_end_1, infiniplex_forest_straight_4,
          infiniplex_forest_clump_long, uniq_terence, uniq_jessica, uniq_natasha
D:3:      layout_loops_ring, uniq_sigmund
D:4:      layout_gridville, gup_sewer_entry_spiral, nzn_random_ring
D:5:      layout_cave_pools, nicolae_overflow_hidden_temple
D:6:      layout_loops_cross, mainiacjoe_overflow_catwalk,
          minmay_temple_entry_drinking_statues, nicolae_shop_gadgets,
          uniq_crazy_yiuf_cottage, uniq_blork_the_orc
Temple:   hellmonk_temple_divided_pantheon

Skill      XL: |  1  2  3  4  5  6  7  8 |
---------------+-------------------------+-----
Short Blades   | 2 3 5 7 9 |  9.2
Dodging        | 3 4 5 6 |  6.9
Fighting       | 1 2 3 |  3.9
Armour         | 1 2 3 |  3.0
Stealth        | 5 6 |  6.6
Evocations     | 1 2 |  2.6
Spellcasting   | |  2.1
Hexes          | |  3.0

Action                     |  1- 3 |  4- 6 |  7- 9 || total
---------------------------+-------+-------+-------++-------
  Melee: Dagger            |    69 |    64 |   289 ||   422
    Use: Scroll            |     4 |     5 |     5 ||    14
         Potion            |       |       |     1 ||     1
   Stab: Sleeping          |    12 |    16 |    22 ||    50
         Distracted        |       |       |     1 ||     1
 Armour: Robe              |    17 |    10 |    46 ||    73
         Ring mail         |       |       |    35 ||    35
  Dodge: Dodged            |    45 |    30 |   205 ||   280

Table legend: (Time is in decaauts)
 A = Elapsed time spent in this place.
 B = Non-inter-level travel time spent in this place.
 C = Inter-level travel time spent in this place.
 D = Time resting spent in this place.
 E = Time spent auto-exploring this place.
 F = Levels seen in this place.
 G = Mean time per level.
                   A        B        C        D        E       F      G
               +--------+--------+--------+--------+--------+-----+--------+
         Total |   4558 |   4388 |    170 |    253 |   2849 |   7 |  651.1 |
       Dungeon |   4529 |   4368 |    161 |    253 |   2849 |   6 |  754.8 |
        Temple |     28 |     19 |      9 |      0 |      0 |   1 |   28.0 |
               +--------+--------+--------+--------+--------+-----+--------+

Top non-repeatable levels by time:
     D:4: 1395 daAuts
     D:5: 919 daAuts
     D:2: 786 daAuts
     D:3: 656 daAuts
     D:1: 555 daAuts
     D:6: 216 daAuts
  Temple: 28 daAuts
